 Dungeon Crawl Stone Soup version 0.20-a0-854-g0cc194a (webtiles) character file.

915 Alarkh the Insei (level 7, -11/56 HPs)
             Began as a Demonspawn Monk on Mar 11, 2017.
             Was a Priest of Okawaru.
             Mangled by an orc warrior
             ... wielding a +0 war axe
              (17 damage)
             ... on level 6 of the Dungeon.
             The game lasted 00:05:05 (5548 turns).

Alarkh the Insei (Demonspawn Monk)                  Turns: 5548, Time: 00:05:06

Health: -11/56     AC:  4    Str: 11    XL:     7   Next: 82%
Magic:  7/7        EV: 15    Int: 14    God:    Okawaru [***...]
Gold:   210        SH:  0    Dex: 15    Spells: 6/6 levels left

rFire    . . .     SeeInvis +     - Unarmed
rCold    . . .     Gourm    .   a - +0 robe
rNeg     . . .     Faith    .   (no shield)
rPois    .         Spirit   .   (helmet restricted)
rElec    .         Reflect  .   d - +0 cloak
rCorr    .         Harm     .   (no gloves)
MR       +....                  F - +0 pair of boots (curse)
Stlth    ++........             l - amulet of rage
Regen    0.2/turn               p - ring of protection from magic
MPRegen  0.1/turn               z - ring of see invisible

@: lethally poisoned (-11 -> -12), exhausted, slowed, very slow
A: claws 1, horns 2, spiny 1
a: Heroism, Renounce Religion, Evoke Berserk Rage


You were on level 6 of the Dungeon.
You worshipped Okawaru.
Okawaru was most pleased with you.
You were not hungry.

You visited 2 branches of the dungeon, and saw 7 of its levels.

You collected 366 gold pieces.
You spent 156 gold pieces at shops.

Inventory:

Armour
 a - a +0 robe (worn)
 d - a +0 cloak (worn)
 g - a +0 pair of boots
 h - a +0 helmet
 F - a cursed +0 pair of boots (worn)
Magical Staves
 s - an uncursed staff of cold {unknown}
Jewellery
 l - an amulet of rage (around neck)
 n - an uncursed ring of protection from fire
 p - a ring of protection from magic (right claw)
 z - a ring of see invisible (left claw)
Wands
 D - a wand of clouds (6/9)
Scrolls
 c - 5 scrolls of teleportation
 e - 3 scrolls of identify
 i - 3 scrolls of fear
 j - 3 scrolls of remove curse {unknown}
 k - a scroll of amnesia {unknown}
 q - 5 scrolls of noise {unknown}
 w - 2 scrolls of recharging {unknown}
 x - 3 scrolls of enchant weapon {unknown}
 y - a scroll of immolation {unknown}
 E - a scroll of enchant armour {unknown}
Potions
 f - 2 potions of might
 m - 3 potions of magic
 t - a potion of haste
 u - 2 potions of heal wounds
 v - a potion of brilliance
 A - a potion of mutation
 B - a potion of invisibility
 C - 2 potions of curing
Books
 G - a book of Cantrips

   Spells                             Type                      Level
   a - Confusing Touch                Hexes                        1
   b - Animate Skeleton               Necromancy                   1
   c - Summon Small Mammal            Summoning                    1
   d - Apportation                    Translocation                1
Comestibles
 b - 4 bread rations
 o - 6 meat rations
 r - 5 royal jellies
 H - 3 chunks of flesh


   Skills:
 + Level 5.2 Fighting
 + Level 4.7 Dodging
 - Level 1.7 Stealth
 * Level 6.5 Unarmed Combat


You had 6 spell levels left.
You didn't know any spells.

Dungeon Overview and Level Annotations

Branches:
Dungeon (6/15)             Temple (1/1) D:4

Altars:
Ashenzari
Cheibriados
Dithmenos
Elyvilon
Fedhas
Gozag
Hepliaklqana
Kikubaaqudgha
Makhleb
Nemelex Xobeh
Okawaru
Qazlal
Ru
Sif Muna
Trog
Uskayaw
Vehumet
Wu Jian
Xom
Yredelemnul
Zin
The Shining One

Shops:
D:5 !   D:6 =


Innate Abilities, Weirdness & Mutations

You have sharp fingernails.
You have a pair of horns on your head.
You are partially covered in sharp spines.


Message History

The ice beast hits you but does no damage.
You shred the net and break free!
You feel your anger subside.
The orc warrior is struck by your spines.
The orc warrior hits you with a war axe.
* * * LOW HITPOINT WARNING * * *
The ice beast hits you but does no damage.
The gnoll is struck by your spines. The gnoll misses you.
You barely miss the orc warrior. Your claw misses the orc warrior.
The orc warrior is lightly wounded.
You feel sick.
You claw the orc warrior!
The orc warrior is heavily wounded.
You are no longer berserk.
You are exhausted.
You feel yourself slow down. The ice beast is struck by your spines.
The ice beast barely misses you. The gnoll hits you!
* * * LOW HITPOINT WARNING * * *
The orc warrior hits you with a war axe!
You die...

#..# #...... ##.# #......
#.#####...... ########
#....##...... ##......##
####..#...... #........##
##........
..........######....#....
..>....)).##.....##....##
.......o@.#..#########.##
......>gY...###.........#
...........#....#######..
#......).....#### #...
..........#### #.##
..........# #.##
(.........# ..#
.........# #.## .......
..


You could see an orc warrior, an ice beast and a gnoll.

Vanquished Creatures
  A black bear (D:6)
  An ogre (D:5)
  A centaur (D:6)
  A scorpion (D:6)
  A bullfrog zombie (D:5)
  A hound (D:6)
  2 jellies (D:5)
  2 orc priests (D:3)
  A centaur skeleton (D:4)
  3 orc wizards
  A worker ant (D:5)
  A worker ant zombie (D:6)
  6 gnolls
  8 adders
  2 oozes
  An adder zombie (D:5)
  3 worms
  3 dart slugs
  A leopard gecko (D:1)
  15 orcs
  11 bats
  3 giant cockroaches
  9 goblins
  8 hobgoblins
  8 jackals
  3 quokkas
  3 ball pythons
  A ball python skeleton (D:4)
  9 frilled lizards
  14 kobolds
  A leopard gecko skeleton (D:4)
  9 rats
134 creatures vanquished.

Notes
Turn   | Place    | Note
-------+----------+-------------------------------------------
     0 | D:1      | Alarkh the Demonspawn Monk began the quest for the Orb.
     0 | D:1      | Reached XP level 1. HP: 18/18 MP: 1/1
   224 | D:1      | Reached skill level 3 in Unarmed Combat
   266 | D:1      | Gained mutation: You have sharp fingernails. [demonic ancestry]
   266 | D:1      | Reached XP level 2. HP: 17/24 MP: 2/2
   848 | D:1      | Reached XP level 3. HP: 29/29 MP: 3/3
  1532 | D:2      | You fall through a shaft!
  1585 | D:3      | Found a glowing golden altar of the Shining One.
  1587 | D:3      | Found a bloodstained altar of Trog.
  1589 | D:3      | Found a stormy altar of Qazlal.
  1590 | D:3      | Found an ancient bone altar of Kikubaaqudgha.
  1591 | D:3      | Found a sparkling altar of Nemelex Xobeh.
  1591 | D:3      | Found a basalt altar of Yredelemnul.
  1591 | D:3      | Found a snail-covered altar of Cheibriados.
  1591 | D:3      | Found an iron altar of Okawaru.
  1592 | D:3      | Found a deep blue altar of Sif Muna.
  1596 | D:3      | Found a glowing silver altar of Zin.
  1597 | D:3      | Found a shimmering altar of Xom.
  1598 | D:3      | Found a hide-covered altar of Uskayaw.
  1602 | D:3      | Became a worshipper of Warmaster Okawaru
  1602 | D:3      | Reached * piety under Okawaru
  1602 | D:3      | Reached ** piety under Okawaru
  1705 | D:2      | Found a sparkling altar of Nemelex Xobeh.
  1780 | D:2      | Gained mutation: You have a pair of small horns on your head. [demonic ancestry]
  1780 | D:2      | Reached XP level 4. HP: 34/35 MP: 4/4
  2035 | D:2      | Reached skill level 4 in Unarmed Combat
  2743 | D:3      | Gained mutation: You are partially covered in sharp spines. [demonic ancestry]
  2743 | D:3      | Reached XP level 5. HP: 37/42 MP: 5/5
  3460 | D:4      | Found a sacrificial altar of Ru.
  3464 | D:4      | Reached skill level 5 in Unarmed Combat
  3464 | D:4      | Reached XP level 6. HP: 48/48 MP: 6/6
  3518 | D:4      | Found a staircase to the Ecumenical Temple.
  3565 | Temple   | Entered the Ecumenical Temple
  4268 | D:5      | Entered Level 5 of the Dungeon
  4759 | D:5      | Found Fezosoiturgh's Distillery.
  4769 | D:5      | Gained mutation: You have a pair of horns on your head. [demonic ancestry]
  4769 | D:5      | Reached XP level 7. HP: 53/55 MP: 7/7
  4780 | D:5      | Bought a potion of curing for 39 gold pieces
  4780 | D:5      | Bought a potion of heal wounds for 65 gold pieces
  4780 | D:5      | Bought a potion of might for 52 gold pieces
  5073 | D:6      | Found a shadowy altar of Dithmenos.
  5289 | D:6      | Found Iskurof's Jewellery Shop.
  5333 | D:6      | Reached *** piety under Okawaru
  5333 | D:6      | Reached skill level 5 in Fighting
  5333 | D:6      | Reached skill level 6 in Unarmed Combat
  5548 | D:6      | Mangled by an orc warrior

Vault maps used:
D:1:      dpeg_arrival_rooms_c, minmay_pentomino_u4
D:2:      serial_glass, glass_columns_b, glass_columns_b, glass_columns_a,
          glass_columns_b, glass_columns_b, glass_columns_a, feat_on_display,
          nemelex_xobeh_ov_fountains_minmay
D:3:      minitemple, first_bread, hangedman_abyss_or_decor_lesser_grid
D:4:      minmay_temple_entry_grid, nicolae_ru_great_annihilating_truth
D:5:      serial_shops, shop
D:6:      serial_shops, shop, grunt_dithmenos_smoke
Temple:   jpeg_temple_alley_garden

Skill      XL: |  1  2  3  4  5  6  7 |
---------------+----------------------+-----
Unarmed Combat | 3 4 5 6 |  6.5
Dodging        | 3 4 |  4.7
Fighting       | 4 5 |  5.2
Stealth        | |  1.7

Action                   |  1- 3 |  4- 6 |  7- 9 || total
-------------------------+-------+-------+-------++-------
Melee: Unarmed           |   159 |   126 |    45 ||   330
       Punch             |     2 |       |     2 ||     4
       Headbutt          |       |    28 |     6 ||    34
 Abil: Evoke Berserk Rag |       |     3 |     1 ||     4
  Use: Scroll            |     1 |       |     6 ||     7
 Stab: Sleeping          |     4 |     4 |     5 ||    13
       Distracted        |       |     1 |       ||     1
       Paralysed         |       |     1 |       ||     1
  Eat: Chunk             |     3 |    12 |     3 ||    18
Armor: Robe              |    52 |    17 |     9 ||    78
Dodge: Dodged            |   148 |    66 |    32 ||   246
